 Dungeon Crawl Stone Soup version 0.30-a0-385-gfebfb9b408 (webtiles) character file.

Game seed: 2339957782442891700

105 NinjaNoafa the Skirmisher (level 4, -2/45 HPs)
             Began as a Minotaur Hunter on Dec 2, 2022.
             Slain by Sigmund
             ... wielding a +0 scythe
              (10 damage)
             ... on level 2 of the Dungeon.
             The game lasted 00:01:58 (767 turns).

NinjaNoafa the Skirmisher (Minotaur Hunter)          Turns: 767, Time: 00:01:59

Health: -2/45      AC:  3    Str: 15    XL:     4   Next: 53%
Magic:  3/3        EV: 15    Int:  5    God:
Gold:   58         SH:  0    Dex: 19    Spells: 3/3 levels left

rFire   . . .      SeeInvis .    a - +0 shortbow
rCold   . . .      Faith    .    (shield currently unavailable)
rNeg    . . .      Spirit   .    c - +0 leather armour
rPois   .          Reflect  .    (helmet restricted)
rElec   .          Harm     .    (no cloak)
rCorr   .          Rampage  .    (no gloves)
Will    .....                    (no boots)
Stlth   ++........               (no amulet)
HPRegen 0.27/turn                (no ring)
MPRegen 0.08/turn                (no ring)

@: on berserk cooldown
A: horns 2, retaliatory headbutt, agile 1, MP-powered wands
a: no special abilities


You were on level 2 of the Dungeon.
You visited 1 branch of the dungeon, and saw 2 of its levels.

You collected 58 gold pieces.

Inventory:

Hand Weapons
 a - a +0 shortbow (weapon)
Missiles
 h - 17 stones
Armour
 c - a +0 leather armour (worn)
Scrolls
 b - 2 scrolls of immolation
 e - a scroll of amnesia {unknown}
 g - a scroll of poison {unknown}
 i - a scroll of identify {unknown}
 j - a scroll of teleportation {unknown}
Potions
 d - a potion of mutation


   Skills:
 - Level 6.6 Fighting
 + Level 10.0 Ranged Weapons
 - Level 6.0 Dodging
 - Level 0.7 Stealth


You had 3 spell levels left.
You didn't know any spells.
Your spell library contained the following spells:

 Spells                   Type           Power      Damage    Failure   Level
 Beastly Appendage        Tmut           0%         N/A       54%         1
 Wereblood                Tmut           0%         N/A       69%         2
 Spider Form              Tmut/Pois      0%         N/A       89%         3


Dungeon Overview and Level Annotations

Branches:
Dungeon (2/15)

Altars:

Shops:
D:1 *

Annotations:
D:2 Sigmund


Innate Abilities, Weirdness & Mutations

You have a pair of horns on your head.
You reflexively headbutt those who attack you in melee.
You are agile. (Dex +4, Str/Int -1)
You expend magic power (3 MP) to strengthen your wands.


Message History

The magic dart hits you. Sigmund hits you with a +0 scythe.
You bump into the rock wall.
You feel less invigorated.
You feel less confused. Sigmund hits you with a +0 scythe.
Sigmund barely misses you.
Things that are here:
a +0 dagger; a kobold corpse Sigmund attacks as you move away!
Sigmund barely misses you. You furiously retaliate!
You headbutt Sigmund. Sigmund gestures at you while chanting.
You are confused.
You see here a +0 rapier.
Sigmund casts a spell at you. You resist with some effort.
Sigmund hits you from afar with a +0 scythe.
Sigmund barely misses you. Sigmund gestures at you while chanting.
You are more confused.
Sigmund casts a spell at you.
You are more confused.
You're too confused to move!
Sigmund barely misses you. Sigmund gestures at you while chanting.
You resist with some effort. Sigmund barely misses you.
You're too confused to move!
Sigmund is suddenly surrounded by pale blue light.
Sigmund hits you from afar with a +0 scythe!
* * * LOW HITPOINT WARNING * * *
You bump into the rock wall.
Sigmund hits you but does no damage.
You feel yourself speed up.
Sigmund hits you from afar with a +0 scythe.
* * * LOW HITPOINT WARNING * * *
You bump into the rock wall.
You bump into the rock wall.
Sigmund barely misses you.
You feel less confused. Sigmund gestures at you while chanting.
The puff of flame hits you.
* * * LOW HITPOINT WARNING * * *
Sigmund hits you with a +0 scythe!
You die...

#...#...#.###.#
#...#...#.....#
#>............#
#..#)†...######
#..#..........#
#..#)....######
#..#.....########
#......@.........
#.#####.@########
#.......<.......
##############..


You could see Sigmund.

Vanquished Creatures
  An adder (D:2)
  3 dart slugs (D:1)
  2 ball pythons (D:1)
  2 bats (D:1)
  3 endoplasms (D:1)
  2 giant cockroaches (D:1)
  3 goblins (D:1)
  5 hobgoblins (D:1)
  2 jackals (D:1)
  A quokka (D:1)
  2 frilled lizards (D:1)
  2 kobolds
  5 rats
33 creatures vanquished.

Vanquished Creatures (others)
  3 plants (D:1)
3 creatures vanquished.

Grand Total: 36 creatures vanquished

Notes
Turn   | Place    | Note
-------+----------+-------------------------------------------
     0 | D:1      | NinjaNoafa the Minotaur Hunter began the quest for the Orb.
     0 | D:1      | Reached XP level 1. HP: 18/18 MP: 0/0
   136 | D:1      | Reached XP level 2. HP: 23/25 MP: 1/1
   165 | D:1      | Reached skill level 5 in Ranged Weapons
   477 | D:1      | Reached XP level 3. HP: 30/30 MP: 2/2
   481 | D:1      | Found Ubyl's Assorted Antiques.
   694 | D:2      | Noticed Sigmund
   727 | D:2      | Gained mutation: You are agile. (Dex +4, Str/Int -1)
                  | [potion of mutation]
   727 | D:2      | Gained mutation: You expend magic power (3 MP) to
                  | strengthen your wands. [potion of mutation]
   731 | D:2      | Reached skill level 10 in Ranged Weapons
   731 | D:2      | Reached XP level 4. HP: 9/45 MP: 3/3
   737 | D:2      | HP: 2/67 [something (12)]
   767 | D:2      | Slain by Sigmund

Illustrated notes

Levels and vault maps discovered:
D:1:      sevenhm_arrival_forest_fort_small_5, layout_basic, serial_shops,
          nicolae_shop_overgrown_old_shop, st_stairs_1, amethyst_killhole
D:2:      layout_loops_ring, serial_shops, nicolae_lakefront_shop,
          minmay_tetromino_s2, uniq_crazy_yiuf_cottage, uniq_sigmund,
          uniq_natasha

Skill      XL: |  1  2  3 |
---------------+----------+-----
Ranged Weapons | 5 10 | 10.0
Fighting       | 6 |  6.6
Dodging        | 6 |  6.0
Stealth        | |  0.7

Action                   |  1- 3 |  4- 6 || total
-------------------------+-------+-------++-------
Melee: Shortbow          |       |     4 ||     4
 Fire: Shortbow          |    71 |       ||    71
  Use: Potion            |     2 |     2 ||     4
Armor: Leather armour    |     4 |     3 ||     7
Dodge: Dodged            |    14 |    10 ||    24

Table legend: (Time is in decaauts)
 A = Elapsed time spent in this place.
 B = Non-inter-level travel time spent in this place.
 C = Inter-level travel time spent in this place.
 D = Time resting spent in this place.
 E = Time spent auto-exploring this place.
 F = Levels seen in this place.
 G = Mean time per level.
                   A        B        C        D        E       F      G
               +--------+--------+--------+--------+--------+-----+--------+
         Total |    798 |    766 |     32 |      0 |    525 |   2 |  399.0 |
       Dungeon |    798 |    766 |     32 |      0 |    525 |   2 |  399.0 |
               +--------+--------+--------+--------+--------+-----+--------+

Top non-repeatable levels by time:
     D:1: 657 daAuts
     D:2: 140 daAuts
